 Dungeon Crawl Stone Soup version 0.23-b1-51-gfe822ef6ca (webtiles) character file.

Game seed: 17117910367357936149

242 Jannitor the Skirmisher (level 5, -14/43 HPs)
             Began as a Draconian Chaos Knight on Feb 4, 2019.
             Was a Plaything of Xom.
             Demolished by an ogre
             ... wielding a +0 giant club
              (22 damage)
             ... on level 4 of the Dungeon.
             The game lasted 00:03:53 (2994 turns).

Jannitor the Skirmisher (Draconian Chaos Knight)    Turns: 2994, Time: 00:03:54

Health: -14/43     AC:  6    Str: 15    XL:     5   Next: 82%
Magic:  5/5        EV: 13    Int: 12    God:    Xom [.*....]
Gold:   189        SH:  0    Dex: 11    Spells: 4/4 levels left

rFire    . . .     SeeInvis .   f - +2 hunting sling (velocity)
rCold    . . .     Gourm    .   (no shield)
rNeg     . . .     Faith    .   (armour unavailable)
rPois    .         Spirit   .   (helmet restricted)
rElec    .         Reflect  .   (no cloak)
rCorr    .         Harm     .   (no gloves)
MR       .....                  m - +0 pair of boots
Stlth    +.........             (no amulet)
HPRegen  0.14/turn              (no ring)
MPRegen  0.09/turn              (no ring)

@: no status effects
A: unfitting armour, frail 1, cold-blooded, AC +5
a: Renounce Religion


You were on level 4 of the Dungeon.
You worshipped Xom.
You were a plaything of Xom.
You were not hungry.

You visited 1 branch of the dungeon, and saw 4 of its levels.

You collected 189 gold pieces.

Inventory:

Hand Weapons
 a - a +0 spear of chaos
 f - a +2 hunting sling of velocity (weapon)
Missiles
 g - 3 javelins of penetration
 i - 157 stones (quivered)
Armour
 m - a +0 pair of boots (worn)
Jewellery
 k - an uncursed ring of protection from cold
Scrolls
 c - 2 scrolls of remove curse {unknown}
 d - 2 scrolls of teleportation {unknown}
 j - a scroll of amnesia {unknown}
 o - 2 scrolls of identify {unknown}
 p - 2 scrolls of enchant weapon {unknown}
Potions
 e - a potion of cancellation {unknown}
 h - a potion of curing
 n - 2 potions of brilliance {unknown}
 q - 2 potions of might {unknown}
 r - 2 potions of degeneration {unknown}
Comestibles
 b - 9 rations
 l - a chunk of flesh


   Skills:
 + Level 5.0 Fighting
 + Level 4.5 Polearms
 + Level 3.5 Dodging


You had 4 spell levels left.
You didn't know any spells.
Your spell library was empty.

Dungeon Overview and Level Annotations

Branches:
Dungeon (4/15)
 Temple: D:4-7

Altars:
Kikubaaqudgha
Xom


Innate Abilities, Weirdness & Mutations

Your plain brown scales are hard. (AC +5)
You cannot fit into any form of body armour.
You are cold-blooded and may be slowed by cold attacks.
You are frail. (-10% HP)


Message History

Press: ? - help, Shift-Dir - straight line, f/p - ogre
Aim: an ogre, wielding a +0 giant club (almost dead)
You shoot a stone. The stone hits the ogre.
The ogre is almost dead.
The ogre hits you with a +0 giant club!
Firing (i - inventory. (/) - cycle)
i - 159 stones (quivered)
Press: ? - help, Shift-Dir - straight line, f/p - ogre
Aim: an ogre, wielding a +0 giant club (almost dead)
You shoot a stone. The stone barely misses the ogre.
The ogre misses you.
Firing (i - inventory. (/) - cycle)
i - 158 stones (quivered)
Press: ? - help, Shift-Dir - straight line, f/p - ogre
Aim: an ogre, wielding a +0 giant club (almost dead)
You shoot a stone. The stone closely misses the ogre.
The ogre hits you with a +0 giant club!!
* * * LOW HITPOINT WARNING * * *
There is a stone staircase leading down here.
The ogre hits you with a +0 giant club!!
Ouch! That really hurt!
You die...
Xom snickers!

#.....
##.....##
#.....
#.......#
#.....#
##_....##
####
##...##
##.## #.#
#.#
########O#
.......@.#
##########


You could see an ogre.

Vanquished Creatures
  Purgy (D:2)
  Robin (D:2)
  4 adders
  An ooze (D:2)
  3 worms (D:2)
  5 leopard geckos
  2 orcs (D:3)
  3 ball pythons
  5 giant cockroaches
  12 goblins
  8 hobgoblins
  2 jackals (D:3)
  11 kobolds
  A quokka (D:4)
  9 bats
  2 frilled lizards
  10 rats
80 creatures vanquished.

Notes
Turn   | Place    | Note
-------+----------+-------------------------------------------
     0 | D:1      | Jannitor the Draconian Chaos Knight began the quest for the
                  | Orb.
     0 | D:1      | Reached XP level 1. HP: 19/19 MP: 1/1
    10 | D:1      | XOM: harmless Summ miscast
   159 | D:1      | Reached XP level 2. HP: 26/26 MP: 2/2
  1010 | D:2      | Reached XP level 3. HP: 33/33 MP: 3/3
  1068 | D:2      | XOM: harmless Air miscast
  1119 | D:2      | Reached skill level 4 in Fighting
  1365 | D:2      | Reached XP level 4. HP: 40/40 MP: 4/4
  1970 | D:3      | Noticed Purgy
  2004 | D:2      | XOM: divination: magic mapping
  2011 | D:2      | XOM: harmless Air miscast
  2017 | D:2      | Killed Purgy
  2017 | D:2      | Reached XP level 5. HP: 39/47 MP: 5/5
  2134 | D:2      | XOM: give mutation
  2134 | D:2      | Gained mutation: You are frail. (-10% HP) [Xom's mischief]
  2156 | D:3      | Noticed Robin
  2214 | D:2      | Killed Robin
  2614 | D:3      | Reached skill level 5 in Fighting
  2800 | D:4      | XOM: scenery: create altars
  2929 | D:4      | Found an ancient bone altar of Kikubaaqudgha.
  2947 | D:4      | Noticed an ogre
  2994 | D:4      | Demolished by an ogre

Skill      XL: |  1  2  3  4  5 |
---------------+----------------+-----
Fighting       | 4 5 |  5.0
Polearms       | 4 |  4.5
Dodging        | 3 |  3.5

Action                   |  1- 3 |  4- 6 || total
-------------------------+-------+-------++-------
Melee: Spear             |    27 |    45 ||    72
       Tailslap          |     1 |     6 ||     7
       Unarmed           |       |     7 ||     7
 Fire: Hunting sling     |    50 |   108 ||   158
  Use: Potion            |       |     2 ||     2
  Eat: Chunk             |     1 |     5 ||     6
Armor: Skin              |     6 |    60 ||    66
Dodge: Dodged            |    19 |    68 ||    87
